 Dungeon Crawl Stone Soup version 0.31.0 (webtiles) character file.

Game seed: 10485742318525518385

197 qw the Shooter (level 5, 0/34 HPs)
             Began as a Gargoyle Hunter on Jan 19, 2024.
             Slain by a jackal (3 damage)
             ... on level 4 of the Dungeon.
             The game lasted 00:00:09 (2812 turns).

qw the Shooter (Gargoyle Hunter)                    Turns: 2812, Time: 00:00:09

Health: 0/34       AC: 10    Str: 14    XL:     5   Next: 75%
Magic:  5/5        EV: 10    Int: 10    God:
Gold:   166        SH:  0    Dex: 15    Spells: 4/4 levels left

rFire   + . .        a - +1 shortbow
rCold   . . .        (shield currently unavailable)
rNeg    + . .        g - +0 ring mail
rPois   inf          (no helmet)
rElec   +            (no cloak)
rCorr   .            l - +0 pair of gloves
SInv    .            (no boots)
Will    .....        (no amulet)
Stlth   +            d - ring of protection from fire
HPRegen 0.25/turn    (no ring)
MPRegen 0.09/turn

%: no passive effects
@: about to teleport
A: sickness immunity, AC +4, negative energy resistance 1, electricity
resistance, torment resistance 1, petrification resistance
a: no special abilities


You were on level 4 of the Dungeon.
You visited 1 branch of the dungeon, and saw 4 of its levels.

You collected 166 gold pieces.


Innate Abilities, Weirdness & Mutations

You are immune to sickness and miasma.
Your stone body is resilient. (AC +4)
You are immune to poison.
You resist negative energy. (rN+)
You are resistant to electric shocks. (rElec)
You are resistant to unholy torment.
You are immune to petrification.


   Skills:
 - Level 4.5 Fighting
 + Level 5.5 Ranged Weapons
 - Level 1.1 Armour
 - Level 1.5 Dodging
 - Level 1.1 Stealth


You had 4 spell levels left.
You didn't know any spells.
Your spell library was empty.

Inventory:

Hand Weapons
 a - a +1 shortbow (weapon)
Armour
 g - a +0 ring mail (worn)
 l - a +0 pair of gloves (worn)
Jewellery
 d - a ring of protection from fire (left hand)
Wands
 c - a wand of polymorph (6)
Scrolls
 e - 2 scrolls of identify
Potions
 b - a potion of enlightenment {unknown}
 f - a potion of curing
 h - 2 potions of might
 j - a potion of haste {unknown}
 k - a potion of heal wounds {unknown}

Dungeon Overview and Level Annotations

Branches:
Dungeon (4/15)
 Temple: D:4-7

Altars:
Cheibriados
Kikubaaqudgha
Wu Jian
Xom
The Shining One

Annotations:
D:3 1 runed translucent door, qw's ghost, amateur GrHu


Message History

The arrow closely misses the orc priest.
The jackal barks!
The jackal bites you but does no damage.
The orc priest hits you with a +0 mace. The orc barely misses you.
The jackal barely misses you.
You shoot an arrow. The arrow barely misses the orc priest.
The jackal bites you but does no damage.
The orc priest miscasts a cantrip.
The orc hits you but does no damage. The jackal closely misses you.
The orc barely misses you. The orc priest hits you with a +0 mace.
2809 ||| READING scroll of teleportation.
As you read the scroll of teleportation, it crumbles to dust.
You feel strangely unstable.
A jackal comes into view.
The jackal bites you but does no damage.
The orc priest hits you but does no damage.
The orc hits you but does no damage.
You shoot an arrow. The jackal barks!
The arrow hits the orc priest.
The orc priest is severely wounded.
The jackal closely misses you. x2; The jackal barely misses you.
The orc hits you but does no damage.
The orc priest hits you but does no damage.
The jackal completely misses you.
The jackal bites you but does no damage.
You shoot an arrow. The arrow hits the orc priest.
The orc priest is severely wounded.
The jackal bites you but does no damage. x2
The jackal bites you. The orc priest barely misses you.
The orc hits you with a +0 club.
A quokka comes into view.
The jackal bites you.
You shoot an arrow. The arrow hits the orc priest.
You kill the orc priest!
The jackal bites you.
The jackal bites you but does no damage. x2
The orc hits you with a +0 club. The jackal barely misses you.
The jackal bites you.
You die...

..#.....##
##r........
##..........
##..........#
#....h.....#
#.........#
#...hhh.#
#.^..@o####
#.....B...#
#.....###.)..
##...## #..
##..### .
##..## ###
###..## ..#
##...## ..#
##..##.#


You could see a bombardier beetle, an orc, a quokka and 4 jackals.

Vanquished Creatures
  An ogre (D:3)
  A howler monkey (D:4)
  An orc priest (D:4)
  2 adders
  3 dart slugs
  A ribbon worm (D:2)
  2 orcs
  4 bats
  3 endoplasms
  A giant cockroach (D:2)
  5 hobgoblins
  2 quokkas
  5 ball pythons
  5 frilled lizards
  3 goblins
  3 kobolds
  5 rats
47 creatures vanquished.

Notes
Turn   | Place    | Note
-------+----------+-------------------------------------------
     0 | D:1      | qw the Gargoyle Hunter began the quest for the Orb.
     0 | D:1      | Reached XP level 1. HP: 12/12 MP: 1/1
     0 | D:1      | 0 ||| qw: Version: 0.3-a-132-g3d54051
     0 | D:1      | 0 ||| qw: Game counter: 96
     0 | D:1      | 0 ||| qw: Melee chars always use a shield: true
     0 | D:1      | 0 ||| qw: God list: Okawaru
     0 | D:1      | 0 ||| qw: Allow faded altars: false
     0 | D:1      | 0 ||| qw: Do Orc after clearing Dungeon:15 true
     0 | D:1      | 0 ||| qw: Do second Lair branch before Depths: true
     0 | D:1      | 0 ||| qw: Lair rune preference: random
     0 | D:1      | 0 ||| qw: Goals: Normal
     0 | D:1      | 0 ||| PLANNING D:1-11
   409 | D:1      | Reached XP level 2. HP: 17/17 MP: 2/2
   972 | D:1      | 972 ||| UPGRADING to +0 ring mail.
   982 | D:1      | 982 ||| DROPPING +0 leather armour.
   983 | D:1      | 983 ||| READING 3 scrolls labelled ANEMAR SEPIC.
   983 | D:1      | 983 ||| IDENTIFYING orange potion
   984 | D:1      | 984 ||| READING 2 scrolls of identify.
   984 | D:1      | 984 ||| IDENTIFYING fuming green potion
   985 | D:1      | 985 ||| READING scroll of identify.
   985 | D:1      | 985 ||| IDENTIFYING scroll labelled VUZUBO KIZIZI
   986 | D:1      | 986 ||| READING 2 scrolls labelled YDOIFUNGIT.
   987 | D:1      | 987 ||| READING scroll labelled TYBYTUTZAU.
   988 | D:1      | 988 ||| DROPPING scroll of butterflies.
   989 | D:1      | 989 ||| DROPPING scroll of amnesia.
  1020 | D:2      | 1020 ||| STAIRDANCE
  1112 | D:2      | 1112 ||| FLEEEEING.
  1115 | D:2      | Reached skill level 1 in Armour
  1290 | D:2      | Reached XP level 3. HP: 21/21 MP: 3/3
  1407 | D:2      | Reached skill level 5 in Ranged Weapons
  1473 | D:2      | Found a faded altar of an unknown god.
  1580 | D:2      | 1580 ||| UPGRADING to ring of protection from fire.
  1724 | D:3      | Found a glowing golden altar of the Shining One.
  1768 | D:3      | Reached XP level 4. HP: 27/27 MP: 4/4
  1788 | D:3      | Found a snail-covered altar of Cheibriados.
  1792 | D:3      | Found a shimmering altar of Xom.
  1792 | D:3      | Found an ornate altar of the Wu Jian Council.
  1793 | D:3      | Found an ancient bone altar of Kikubaaqudgha.
  1793 | D:3      | Noticed an ogre
  1804 | D:3      | Killed an ogre
  1805 | D:3      | Reached XP level 5. HP: 22/34 MP: 5/5
  2403 | D:3      | Found a runed translucent door.
  2405 | D:3      | Noticed qw's ghost (amateur GrHu)
  2475 | D:3      | 2475 ||| UPGRADING to +0 pair of gloves.
  2480 | D:3      | 2480 ||| READING scroll labelled QOUCON CUINGEE.
  2481 | D:3      | 2481 ||| FLEEEEING.
  2591 | D:3      | 2591 ||| READING scroll labelled ZAACINIEMN.
  2591 | D:3      | 2591 ||| ENCHANTING +0 shortbow.
  2808 | D:4      | HP: 8/34 [orc priest/+0 mace (6)]
  2809 | D:4      | 2809 ||| READING scroll of teleportation.
  2812 | D:4      | HP: 3/34 [orc/+0 club (1)]
  2812 | D:4      | Slain by a jackal

Levels and vault maps discovered:
D:1:      erik_arrival_blinker_ship, layout_basic, minmay_bisected
D:2:      layout_loops_cross, ebering_ecumenical_altar_rust
D:3:      layout_loops_corners, mainiacjoe_overflow_six_doors_small, minitemple,
          ebering_ghost_reflecting_pool
D:4:      layout_cave_pods, uniq_ijyb

Skill      XL: |  1  2  3  4 |
---------------+-------------+-----
Armour         | 1 |  1.1
Ranged Weapons | 5 |  5.5
Fighting       | 4 |  4.5
Dodging        | |  1.5
Stealth        | |  1.1

Action                     |  1- 3 |  4- 6 || total
---------------------------+-------+-------++-------
   Fire: Shortbow          |   107 |    50 ||   157
    Use: Scroll            |     5 |     3 ||     8
 Armour: Leather armour    |    18 |       ||    18
         Ring mail         |    21 |    42 ||    63
  Dodge: Dodged            |    34 |    33 ||    67

Table legend:
 A = Non-vault XP
 B = Vault XP
 C = Vault XP percentage of total XP
 D = Non-vault monster count
 E = Vault monster count
 F = Vault count percentage of total count
                 A         B        C        D         E       F
            +---------+---------+-------+---------+---------+-------
      Total |     319 |       4 |   1.2 |      43 |       4 |   8.5
            +---------+---------+-------+---------+---------+-------
        D:1 |      14 |       4 |  22.2 |       8 |       4 |  33.3
        D:2 |      42 |       0 |   0.0 |      17 |       0 |   0.0
        D:3 |     162 |       0 |   0.0 |      14 |       0 |   0.0
        D:4 |     101 |       0 |   0.0 |       4 |       0 |   0.0
            +---------+---------+-------+---------+---------+-------
